 Dungeon Crawl Stone Soup version 0.31.0-12-g77e489cdc1 (webtiles) character file.

Game seed: 10862064385923306678

1213 hawla the Chucker (level 8, -1/68 HPs)
             Began as a Minotaur Fighter on Feb 17, 2024.
             Succumbed to a scorpion's poison
             ... on level 5 of the Dungeon.
             The game lasted 00:10:44 (3743 turns).

hawla the Chucker (Minotaur Fighter)                Turns: 3743, Time: 00:10:44

Health: -1/68      AC:  6    Str: 23    XL:     8   Next: 22%
Magic:  7/7        EV: 11    Int:  5    God:
Gold:   287        SH:  7    Dex: 10    Spells: 7/7 levels left

rFire   . . .        a - +1 war axe
rCold   . . .        c - +2 buckler
rNeg    . . .        b - +0 scale mail
rPois   .            (helmet restricted)
rElec   .            (no cloak)
rCorr   .            (no gloves)
SInv    .            (no boots)
Will    .....        r - amulet of regeneration Stlth
                     (no ring)
HPRegen 0.31/turn    (no ring)
MPRegen 0.10/turn

%: no passive effects
@: lethally poisoned (-1 -> -11), hasted, very quick
A: horns 2, retaliatory headbutt
a: no special abilities


You were on level 5 of the Dungeon.
You visited 1 branch of the dungeon, and saw 5 of its levels.
You also visited: Ossuary.

You collected 287 gold pieces.

Inventory:

Hand Weapons
 a - a +1 war axe (weapon)
Missiles
 e - 7 poisoned darts (quivered)
 h - 2 curare-tipped darts
Armour
 b - a +0 scale mail (worn)
 c - a +2 buckler (worn)
Jewellery
 m - a +5 ring of evasion
 n - an amulet of faith
 r - an amulet of regeneration (around neck)
Wands
 p - a wand of polymorph (8)
Potions
 d - 3 potions of might
 f - 3 potions of haste
 g - a potion of lignification
 k - a potion of attraction
 o - 2 potions of magic
 z - 2 potions of brilliance


   Skills:
 - Level 5.0 Fighting
 - Level 2.4 Axes
 - Level 6.0 Throwing
 - Level 3.6 Armour
 + Level 5.8 Dodging
 - Level 5.0 Shields
 - Level 3.0 Evocations


You had 7 spell levels left.
You didn't know any spells.
Your spell library was empty.

Dungeon Overview and Level Annotations

Branches:
Dungeon (5/15)            Ossuary (visited)
 Temple: D:4-7

Altars:

Shops:
D:5 =(

Annotations:
D:5 Pikel


Innate Abilities, Weirdness & Mutations

You have a pair of horns on your head.
You reflexively headbutt those who attack you in melee.


Message History

You hit the orc priest.
The orc priest is heavily wounded.
You hit the scorpion.
The orc priest hits you with a +0 hand axe!
* * * LOW HITPOINT WARNING * * *
The scorpion barely misses you. You furiously retaliate!
You headbutt the scorpion.
Okay, then.
You feel better. The orc priest closely misses you. The scorpion stings you.
* * * LOW HITPOINT WARNING * * *
You barely miss the orc priest. You headbutt the orc priest.
The orc priest is almost dead.
You closely miss the scorpion. The scorpion barely misses you.
The orc priest invokes the aid of Beogh against you.
Pain shoots through your body!
* * * LOW HITPOINT WARNING * * *
Unknown command.
You hit the orc priest.
You kill the orc priest!
You hit the scorpion. You block the scorpion's attack.
Unknown command.
Aiming: Paralyse
Press: ? - help, Shift-Dir - straight line, f - scorpion
Aim: a scorpion (severely wounded, chance to affect: 56%)
The scorpion resists with significant effort.
The now-empty wand crumbles to dust.
The scorpion stings you.
* * * LOW HITPOINT WARNING * * *
Unknown command.
You feel better. The scorpion stings you.
* * * LOW HITPOINT WARNING * * *
You are lethally poisoned!
The scorpion poisons you!
You closely miss the scorpion.
The scorpion is severely wounded.
* * * LOW HITPOINT WARNING * * *
You feel very sick.
The scorpion stings you but does no damage.
You slash the scorpion!
You kill the scorpion!
You die...

...........
..........
...♣......
...P.....
.........
........###
#...)#.#
#...?..#######
..........#)@..!♣#
.........§.§§§≈..#
..........§≈§≈≈≈.#
.......(..§§§§§§∩#
.......(...§≈§§≈)#
......#.#...≈≈§..#
......#.###(.†§§♣#
. . ####### ..


There were no monsters in sight!

Vanquished Creatures
  Eustachio (D:4)
  Menkaure (D:4)
  A water moccasin (D:5)
  2 centaurs (D:5)
  3 lemures (D:5)
  4 scorpions
  A burial acolyte (Ossuary)
  2 howler monkeys (D:5)
  2 jellies (D:4)
  An orc priest (D:5)
  An iguana (D:3)
  3 mummies (Ossuary)
  3 gnolls (D:4)
  4 adders
  4 ribbon worms
  6 orcs
  11 endoplasms
  5 giant cockroaches
  11 goblins
  7 hobgoblins
  4 jackals (D:1)
  10 kobolds
  3 quokkas
  5 ball pythons
  5 bats
  A frilled lizard (D:2)
  3 gnoll skeletons (Ossuary)
  5 gnoll zombies (Ossuary)
  6 goblin skeletons (Ossuary)
  3 goblin zombies (Ossuary)
  5 hobgoblin skeletons (Ossuary)
  4 hobgoblin zombies (Ossuary)
  2 kobold skeletons (Ossuary)
  3 kobold zombies (Ossuary)
  4 orc skeletons (Ossuary)
  5 orc zombies (Ossuary)
  8 rats
  5 rat skeletons (Ossuary)
  5 rat zombies (Ossuary)
159 creatures vanquished.

Notes
Turn   | Place    | Note
-------+----------+-------------------------------------------
     0 | D:1      | hawla the Minotaur Fighter began the quest for the Orb.
     0 | D:1      | Reached XP level 1. HP: 19/19 MP: 0/0
   168 | D:1      | Reached XP level 2. HP: 26/27 MP: 1/1
   659 | D:1      | Reached XP level 3. HP: 34/34 MP: 2/2
   905 | D:2      | Found a faded altar of an unknown god.
  1357 | D:3      | Reached skill level 5 in Fighting
  1386 | D:3      | Reached XP level 4. HP: 19/42 MP: 3/3
  1534 | D:3      | Reached skill level 5 in Shields
  1650 | D:3      | Reached skill level 1 in Evocations
  1921 | D:4      | Noticed a scorpion
  1926 | D:4      | Killed a scorpion
  1927 | D:4      | Reached XP level 5. HP: 48/48 MP: 4/4
  1984 | D:4      | Reached skill level 1 in Throwing
  2273 | D:4      | Reached skill level 2 in Throwing
  2279 | D:4      | Reached XP level 6. HP: 26/56 MP: 5/5
  2420 | D:4      | Found a sand-covered staircase.
  2420 | D:4      | Noticed Menkaure
  2429 | Ossuary  | Entered an ossuary
  2735 | Ossuary  | Reached skill level 3 in Throwing
  2813 | Ossuary  | Reached skill level 4 in Throwing
  2882 | D:4      | Killed Menkaure
  2883 | D:4      | Reached XP level 7. HP: 55/61 MP: 6/6
  2915 | D:4      | Noticed Eustachio
  2928 | D:4      | Reached skill level 5 in Throwing
  2938 | D:4      | Killed Eustachio
  2939 | D:4      | Reached skill level 6 in Throwing
  2939 | D:4      | Reached skill level 1 in Dodging
  3455 | D:5      | Entered Level 5 of the Dungeon
  3619 | D:5      | Found Enkeelu's Jewellery Emporium.
  3621 | D:5      | Noticed Pikel
  3659 | D:5      | Found Hicor's Antique Weapon Emporium.
  3676 | D:5      | Reached XP level 8. HP: 7/68 MP: 7/7
  3680 | D:5      | Reached skill level 5 in Dodging
  3740 | D:5      | HP: 3/68 [scorpion (2)]
  3742 | D:5      | HP: 1/68 [poisoned by a scorpion]
  3743 | D:5      | Succumbed to a scorpion's poison

Illustrated notes

Levels and vault maps discovered:
D:1:      minmay_arrival_shattered_statue, layout_basic
D:2:      layout_rooms, basic_ecumenical_altar, minmay_cut_off
D:3:      layout_rooms
D:4:      layout_loops_ring, chequers_ossuary_entry_cave, uniq_eustachio,
          uniq_menkaure
D:5:      wad_crossroads, layout_cave_pools, serial_shops,
          nicolae_shop_waterfront, nicolae_lakefront_shop, shop,
          nicolae_shop_just_a_little_nook, serial_park, serial_park_tiny_1,
          serial_park_tiny_2, roderic_roman_lattice, uniq_pikel

Skill      XL: |  1  2  3  4  5  6  7  8 |
---------------+-------------------------+-----
Fighting       | 4 5 |  5.0
Shields        | 4 5 |  5.0
Evocations     | 2 3 |  3.0
Throwing       | 2 4 6 |  6.0
Dodging        | 4 5 |  5.8
Axes           | |  2.4
Armour         | |  3.6

Action                     |  1- 3 |  4- 6 |  7- 9 || total
---------------------------+-------+-------+-------++-------
  Melee: War axe           |    91 |   158 |    69 ||   318
         Headbutt          |     9 |    30 |    11 ||    50
  Throw: Dart              |       |       |     7 ||     7
  Evoke: Wand              |     4 |     2 |    14 ||    20
    Use: Scroll            |     6 |     3 |     8 ||    17
         Potion            |     2 |       |     8 ||    10
   Stab: Paralysed         |     3 |       |     4 ||     7
 Armour: Scale mail        |    62 |    79 |   117 ||   258
  Dodge: Dodged            |    38 |    52 |    74 ||   164
  Block: Buckler           |    23 |    52 |    37 ||   112
